 Dungeon Crawl Stone Soup version 0.28.0-53-g5a82cb258f (webtiles) character file.

Game seed: 1009852567312335705

884 SlickNixon the Slasher (level 8, -5/61 HPs)
             Began as a Human Fighter on July 5, 2022.
             Was a Follower of Zin.
             Engulfed by a cloud of flame (12 damage)
             ... on level 5 of the Dungeon.
             The game lasted 00:29:59 (5493 turns).

SlickNixon the Slasher (Human Fighter)              Turns: 5493, Time: 00:29:59

Health: -5/61      AC: 15    Str: 19    XL:     8   Next: 26%
Magic:  8/8        EV:  5    Int:  9    God:    Zin [*.....]
Gold:   59         SH:  5    Dex: 12    Spells: 7/7 levels left

rFire   . . .      SeeInvis .   a - +0 long sword (venom)
rCold   . . .      Faith    .   c - +0 buckler
rNeg    . . .      Spirit   .   e - +0 plate armour
rPois   .          Reflect  .   (no helmet)
rElec   .          Harm     .   m - +0 cloak {Stlth+}
rCorr   .          Rampage  .   (no gloves)
Will    .....                   w - +0 pair of boots
Stlth   ..........              (no amulet)
HPRegen 0.20/turn               (no ring)
MPRegen 0.11/turn               (no ring)

@: on recite cooldown
A: no striking features
a: Renounce Religion, Recite, Donate Gold


You were on level 5 of the Dungeon.
You worshipped Zin.
Zin was aware of your devotion.
You visited 2 branches of the dungeon, and saw 6 of its levels.
You also visited: Sewer.

You collected 119 gold pieces.
You donated 60 gold pieces to Zin.

Inventory:

Hand Weapons
 a - a +0 long sword of venom (weapon)
 s - a +0 war axe
 u - a +1 short sword of protection
 v - a +0 dire flail of distortion
 A - a +1 scythe of protection
Missiles
 f - 57 bolts
 t - a silver boomerang (quivered)
 x - 2 silver javelins
 C - 6 javelins
Armour
 b - a +0 scale mail
 c - a +0 buckler (worn)
 e - a +0 plate armour (worn)
 m - a +0 cloak of stealth (worn)
 p - the +3 leather armour of Tulips {Str-3 Int+7}
   (You found it in a sewer)

   Str:       It affects your strength (-3).
   Int:       It affects your intelligence (+7).
 w - a +0 pair of boots (worn)
Jewellery
 q - a +4 ring of protection
Wands
 k - a wand of paralysis (2)
 l - a wand of acid (7)
 D - a wand of flame (16)
Scrolls
 g - 4 scrolls of identify {unknown}
 h - 3 scrolls of teleportation {unknown}
 i - a scroll of blinking
 y - a scroll of enchant weapon {unknown}
 E - a scroll of silence {unknown}
Potions
 d - a potion of might
 j - 3 potions of curing {unknown}
 o - a potion of invisibility {unknown}
 r - a potion of magic {unknown}
 z - a potion of attraction {unknown}
 B - a potion of heal wounds {unknown}


   Skills:
 + Level 4.4 Fighting
 + Level 6.0 Long Blades
 + Level 5.6 Armour
 + Level 0.7 Dodging
 + Level 0.2 Stealth
 + Level 4.0 Shields
 + Level 1.0 Invocations
 + Level 0.1 Evocations


You had 7 spell levels left.
You didn't know any spells.
Your spell library contained the following spells:

 Spells                   Type           Power      Damage    Failure   Level
 Animate Skeleton         Necr           0%         N/A       100%        1
 Pain                     Necr           0%         1d4       100%        1
 Shock                    Conj/Air       0%         1d3       100%        1
 Blink                    Tloc           0%         N/A       100%        2
 Lesser Beckoning         Tloc           0%         N/A       100%        3
 Swiftness                Air            0%         N/A       100%        3
 Vampiric Draining        Necr           0%         2d6       100%        3
 Airstrike                Air            0%         N/A       100%        4
 Agony                    Necr           0%         N/A       100%        5
 Excruciating Wounds      Necr           0%         N/A       100%        5
 Manifold Assault         Tloc           0%         N/A       100%        5


Dungeon Overview and Level Annotations

Branches:
Dungeon (5/15)             Temple (1/1) D:4           Sewer (visited)

Altars:
Ashenzari
Cheibriados
Dithmenos
Elyvilon
Fedhas
Gozag
Hepliaklqana
Kikubaaqudgha
Makhleb
Nemelex Xobeh
Qazlal
Ru
Sif Muna
Trog
Uskayaw
Vehumet
Wu Jian
Xom
Yredelemnul
Zin
The Shining One


Message History

You barely miss Eustachio. The iron imp hits you!
Eustachio hits you with a +0 falchion.
You barely miss Eustachio. You block the iron imp's attack.
Eustachio hits you with a +0 falchion.
You completely miss Eustachio.
Eustachio mumbles some strange words.
You block the iron imp's attack.
You slash Eustachio!
Flame seeps out of Eustachio.
Eustachio is poisoned.
Eustachio is moderately wounded.
Eustachio is engulfed in blazing flames.
Flame seeps out of Eustachio.
Eustachio hits you with a +0 falchion. The iron imp barely misses you.
The quokka bites you but does no damage.
You slash Eustachio!
Flame seeps out of Eustachio.
Eustachio looks as sick as possible!
Eustachio is severely wounded.
Flame seeps out of Eustachio.
Eustachio is engulfed in blazing flames.
The quokka disappears in a puff of smoke!
The river rat disappears in a puff of smoke!
The iron imp disappears in a puff of smoke!
The quokka disappears in a puff of smoke!
Eustachio explodes!
The fiery explosion engulfs you!!
Ouch! That really hurt!
* * * LOW HITPOINT WARNING * * *
Your Long Blades skill increases to level 6!
Your Invocations skill increases to level 1!
A black bear comes into view.
The scorpion stings you but does no damage.
The scorpion stings you but does no damage. x2
Really walk into that cloud of flame? [Y]es or [N]o only, please.
Really walk into that cloud of flame? [Y]es or [N]o only, please.
Really walk into that cloud of flame? [Y]es or [N]o only, please.
Really walk into that cloud of flame?
You are engulfed in blazing flames.
You die...

## .... #### #.#.#
#..... .... ..# #.#.#
###.## .........# #.#
#.####..## #<# #.# #..#
#.# #.# #..# #.#
#.####..# #.#
#.#.#####§§.....# #.#
#....hs.@)#####.######.#
....#####.§............#
. #######.######## #.#
#.# ..# ###


You could see a black bear and a scorpion (inner flame).

Vanquished Creatures
  Sigmund (D:5)
  Eustachio (D:5)
  Edmund (D:5)
  2 bullfrogs (Sewer)
  A scorpion (D:5)
  2 scorpion zombies
  A howler monkey zombie (D:5)
  A howler monkey skeleton (D:4)
  9 adders
  3 dart slugs
  8 orcs
  13 endoplasms
  16 giant cockroaches
  3 goblins
  2 hobgoblins (D:1)
  4 kobolds
  6 quokkas
  14 ball pythons
  5 bats
  7 frilled lizards
  5 rats
105 creatures vanquished.

Vanquished Creatures (others)
  2 plants (Temple)
2 creatures vanquished.

Grand Total: 107 creatures vanquished

Notes
Turn   | Place    | Note
-------+----------+-------------------------------------------
     0 | D:1      | SlickNixon the Human Fighter began the quest for the Orb.
     0 | D:1      | Reached XP level 1. HP: 18/18 MP: 1/1
   114 | D:1      | Reached XP level 2. HP: 22/24 MP: 2/2
   217 | D:1      | Found a faded altar of an unknown god.
   245 | D:1      | Prayed at the altar of an unknown god.
   245 | D:1      | Became a worshipper of Zin the Law-Giver
   245 | D:1      | Reached * piety under Zin
   915 | D:2      | Reached XP level 3. HP: 26/29 MP: 3/3
  1538 | D:2      | Reached XP level 4. HP: 22/35 MP: 4/4
  1751 | D:2      | Reached ** piety under Zin
  2506 | D:3      | Found a glowing drain.
  2510 | Sewer    | Entered a sewer
  2887 | Sewer    | Reached XP level 5. HP: 28/42 MP: 5/5
  3060 | Sewer    | Reached skill level 3 in Long Blades
  3197 | Sewer    | Noticed a bullfrog
  3197 | Sewer    | Noticed a bullfrog
  3202 | Sewer    | Killed a bullfrog
  3203 | Sewer    | Reached XP level 6. HP: 18/48 MP: 6/6
  3208 | Sewer    | Reached skill level 4 in Long Blades
  3434 | Sewer    | Identified the +3 leather armour of Tulips {Str-3 Int+7}
  4429 | D:4      | Found a staircase to the Ecumenical Temple.
  4453 | Temple   | Entered the Ecumenical Temple
  4573 | Temple   | Donated 49 gold pieces to Zin
  4896 | D:5      | Entered Level 5 of the Dungeon
  4910 | D:5      | Reached XP level 7. HP: 43/54 MP: 7/7
  5012 | D:5      | Noticed Sigmund
  5026 | D:5      | Killed Sigmund
  5027 | D:5      | Reached skill level 5 in Long Blades
  5027 | D:5      | Reached skill level 5 in Armour
  5151 | D:5      | Noticed Edmund
  5160 | D:5      | Zin protects you from harm!
  5162 | D:5      | Zin protects you from harm!
  5163 | D:5      | Killed Edmund
  5164 | D:5      | Reached XP level 8. HP: 14/60 MP: 8/8
  5479 | D:5      | Noticed Eustachio
  5490 | D:5      | Killed Eustachio
  5491 | D:5      | Reached skill level 6 in Long Blades
  5491 | D:5      | Reached skill level 1 in Invocations
  5493 | D:5      | Engulfed by a cloud of flame

Illustrated notes

Levels and vault maps discovered:
D:1:      zelgadis_glass_arrival_small, layout_basic,
          ebering_ecumenical_altar_sacrificial, minmay_close_crescents
D:2:      layout_loops_ring
D:3:      layout_loops_ring, gup_sewer_entry_bowl, minmay_misc_feat_ornament
D:4:      layout_basic, minmay_temple_entry_drinking_statues,
          nicolae_shop_firing_range
D:5:      layout_loops_ring, uniq_sigmund, uniq_eustachio, uniq_edmund
Temple:   kilobyte_greek_temple

Skill      XL: |  1  2  3  4  5  6  7  8 |
---------------+-------------------------+-----
Long Blades    | 3 4 5 6 |  6.0
Fighting       | 4 |  4.4
Armour         | 4 5 |  5.6
Shields        | 4 |  4.0
Invocations    | 1 |  1.0
Dodging        | |  0.7
Stealth        | |  0.2
Evocations     | |  0.1

Action                   |  1- 3 |  4- 6 |  7- 9 || total
-------------------------+-------+-------+-------++-------
Melee: Long sword        |    64 |   264 |    34 ||   362
Throw: Boomerang         |       |       |     1 ||     1
Invok: Donate Gold       |       |     1 |       ||     1
       Recite            |       |       |     2 ||     2
Evoke: Wand              |       |     1 |     1 ||     2
  Use: Scroll            |       |     3 |     2 ||     5
 Stab: Paralysed         |       |     2 |       ||     2
Armor: Scale mail        |    15 |       |       ||    15
       Plate armour      |    37 |   195 |    22 ||   254
Dodge: Dodged            |    15 |    62 |     3 ||    80
Block: Buckler           |    21 |    66 |     6 ||    93
